 Dungeon Crawl Stone Soup version 0.29.1-1-gd02db6906a (webtiles) character file.

Game seed: 10470521657542014190

1 MisterFreud the Twirler (level 1, -4/10 (16) HPs)
             Began as a Formicid Gladiator on Sept 24, 2022.
             Succumbed to a goblin's poison
             ... on level 2 of the Dungeon.
             The game lasted 00:00:24 (45 turns).

MisterFreud the Twirler (Formicid Gladiator)          Turns: 45, Time: 00:00:25

HP:   -4/10 (16)    AC:  3    Str: 18    XL:     1   Next: 22%
MP:   1/1           EV: 12    Int:  7    God:
Gold: 9             SH:  0    Dex: 15    Spells: 0/0 levels left

rFire   . . .      SeeInvis +   a - +0 quarterstaff
rCold   . . .      Faith    .   (no shield)
rNeg    . . .      Spirit   .   b - +0 leather armour
rPois   .          Reflect  .   (helmet unavailable)
rElec   .          Harm     .   (no cloak)
rCorr   .          Rampage  .   (no gloves)
Will    .....                   (no boots)
Stlth   +.........              (no amulet)
HPRegen 0.03/turn               (no ring)
MPRegen 0.07/turn               (no ring)

@: lethally poisoned (-4 -> -25), very heavily drained
A: permanent stasis, dig shafts and tunnels, antennae 3, four strong arms
a: Dig, Shaft Self


You were on level 2 of the Dungeon.
You visited 1 branch of the dungeon, and saw 2 of its levels.

You collected 9 gold pieces.

Inventory:

Hand Weapons
 a - a +0 quarterstaff (weapon)
Missiles
 c - 3 throwing nets (quivered)
 d - a javelin
Armour
 b - a +0 leather armour (worn)


   Skills:
 - Level 2.1 Fighting
 + Level 3.1 Staves
 - Level 2.0 Throwing
 - Level 2.6 Dodging


You couldn't memorise any spells.
You didn't know any spells.
Your spell library was empty.

Dungeon Overview and Level Annotations

Branches:
Dungeon (1/15)

Altars:

Annotations:
D:2 Robin


Innate Abilities, Weirdness & Mutations

You cannot be hasted, slowed, berserked, paralysed or teleported.
You can dig through walls and to a lower floor.
You have a pair of large antennae on your head. (SInv)
Your four strong arms can wield two-handed weapons with a shield.


Message History

You closely miss the goblin.
Robin shouts!
The goblin shouts!
Robin roars a battlecry!
The goblins go into a battle-frenzy!
You hear a shout!
You barely miss the goblin. Robin throws the goblin at you!
The goblin barely misses you. The goblin hits you with a +0 dagger.
Unknown command.
The goblin attacks as you move away! The goblin barely misses you.
The goblin attacks as you move away! The goblin closely misses you.
You enter a teleport trap!
The teleport trap disappears.
There are monsters nearby!
The goblin attacks as you move away! The goblin barely misses you.
The goblin attacks as you move away! The goblin barely misses you.
The goblin attacks as you move away! The goblin barely misses you.
You extend your mandibles.
You dig through the rock wall.
You feel drained.
You dig through the rock wall.
You feel drained. The goblin attacks as you move away!
The goblin hits you with a +0 club.
You dig through the rock wall.
You feel drained. The goblin attacks as you move away!
The goblin hits you but does no damage.
You dig through the rock wall.
You feel drained.
You retract your mandibles.
You hit the goblin.
You kill the goblin!
You completely miss the goblin.
The goblin hits you with a +1 dagger of venom.
You are lethally poisoned!
You hit the goblin.
The goblin is heavily wounded.
You feel sick.
The goblin hits you with a +1 dagger of venom.
* * * LOW HITPOINT WARNING * * *
You are more poisoned.
You aren't carrying any potions.
Unknown command.
Unknown command.
You barely miss the goblin.
The goblin is heavily wounded.
Ouch! That really hurt!
You die...

#..# {{ #.g#
{ #..# #..# {
#..####.#
#{......#.
##g{.....#
####g#######.
#@#{## ##g##
###


You could see a goblin (strong).

Vanquished Creatures
  A goblin (D:2)
1 creature vanquished.

Notes
Turn   | Place    | Note
-------+----------+-------------------------------------------
     0 | D:1      | MisterFreud the Formicid Gladiator began the quest for the
                  | Orb.
     0 | D:1      | Reached XP level 1. HP: 16/16 MP: 1/1
    26 | D:1      | You fall into a shaft and drop 1 floor!
    29 | D:2      | Noticed Robin
    45 | D:2      | Succumbed to a goblin's poison

Illustrated notes

Levels and vault maps discovered:
D:1:      dpeg_arrival_lava_temple_mockup, layout_loops_ring,
          basic_ecumenical_altar, hangedman_abyss_or_decor_lesser_grid,
          nicolae_kite_square_tiling_tiny
D:2:      layout_loops_ring, chequers_serial_rivers_marsh, uniq_sigmund,
          uniq_jessica, uniq_robin, uniq_natasha

Action                   || total
-------------------------++-------
Melee: Quarterstaff      ||     6
 Abil: Dig               ||     1
Armor: Leather armour    ||     1
Dodge: Dodged            ||     6
